Map: Lockdown LE

Players

Leepkij

  • Race: Terran Terran
  • League: Diamond

Altik - Winner!

  • Race: Protoss Protoss
  • League: Diamond

VOD

Have the link to the VOD?

Description

Time

  • Played on: Aug. 5, 2026, 2:43 p.m.
  • Length: 15:40
Show
View Real Time Build Order
Export as new Build Order

Leepkij Terran 

Build Orders:  

Get SALT Encoding   

  8  0:00  SCV  
  9  0:12  SCV  
  10  0:27  Supply Depot  
  10  0:29  SCV  
  11  0:41  SCV  
  12  0:52  Barracks  
  12  1:02  Refinery  
  12  1:16  Barracks  
  12  1:22  SCV  
  13  1:45  Barracks Tech Lab  
  13  1:50  Orbital Command  
  13  2:04  Marauder  
  15  2:15  Concussive Shells  
  15  2:21  SCV  
  16  2:29  Marauder  
  18  2:40  Supply Depot  
  18  2:46  Marine  
  19  2:52  Marauder  
  21  3:10  Bunker  
  21  3:11  Bunker  
  21  3:17  Marauder  
  23  3:32  Marine  
  22  3:38  SCV  
  22  3:39  Marauder  
  25  4:00  Marine  
  25  4:01  Marauder  
  26  4:18  Marine  
  26  4:22  Marauder  
  28  4:27  Engineering Bay  
  27  4:36  Marine  
  28  4:54  Marine  
  29  5:12  Neosteel Armor, Bunker  
  29  5:27  SCV  
  28  5:39  SCV, Factory  
  29  5:46  Bunker  
  29  6:06  Missile Turret  
  29  6:11  Supply Depot  
  29  6:29  Marine  
  29  6:30  Marauder  
  26  6:39  Bunker  
  24  6:41  Bunker  
  24  6:43  SCV  
  25  6:51  Marauder  
  27  6:54  Bunker  
  27  7:01  Marine  
  26  7:02  SCV  
  21  7:24  Marine  
  21  7:25  Marauder  
  21  7:42  Marine  
  20  7:46  Marauder  
  20  7:47  SCV  
  20  7:48  Hellion  
  24  8:00  Marine  
  25  8:05  Bunker  
  25  8:07  SCV  
  25  8:09  Marauder  
  28  8:19  Marine, SCV  
  30  8:31  SCV  
  30  8:33  Marine  
  32  8:37  Starport  
  30  8:43  SCV  
  31  8:58  Command Center  
  31  8:59  Bunker  
  31  9:03  Marine  
  32  9:10  SCV  
  32  9:15  Medivac  
  35  9:17  Hellion  
  37  9:27  Supply Depot  
  37  9:34  Missile Turret  
  37  9:46  Supply Depot  
  37  9:48  SCV  
  37  9:49  Marauder  
  40  9:57  Combat Shield  
  40  9:58  Marine  
  40  10:01  SCV  
  40  10:06  Hellion  
  43  10:14  Bunker  
  43  10:28  Marine, Marauder  
  46  10:29  SCV  
  47  10:43  Orbital Command  
  47  10:51  Starport Reactor  
  47  11:05  SCV  
  47  11:08  Supply Depot  
  47  11:10  Marine  
  49  11:12  Marine  
  49  11:16  Stimpack  
  50  11:27  Viking x2  
  50  11:31  Supply Depot  
  54  11:36  Barracks  
  54  11:41  Factory Reactor  
  54  11:44  SCV x2  
  56  11:48  Supply Depot  
  56  11:52  Marauder  
  57  11:58  Barracks Tech Lab  
  57  12:05  Viking x2  
  57  12:06  SCV  
  57  12:07  SCV  
  63  12:12  Supply Depot  
  63  12:17  Marine, Marauder  
  66  12:38  Marauder, Viking x2  
  66  12:42  Refinery, SCV  
  66  12:43  SCV  
  74  12:46  Refinery  
  74  12:57  Barracks  
  74  12:59  Terran Infantry Weapons Level 1  
  74  13:00  Factory Tech Lab  
  74  13:02  Marine x3  
  77  13:10  SCV x2  
  79  13:17  Viking  
  81  13:21  Marine  
  81  13:22  SCV, Marauder  
  85  13:32  Marine x2  
  85  13:47  Marine  
  85  13:48  Marauder  
  86  13:51  Marauder  
  82  14:18  Marine x3, Marauder x2  
  82  14:20  Viking  
  89  14:36  Marine  
  61  14:58  Marine x3  
  37  15:06  Marine  
Show
View Real Time Build Order
Export as new Build Order

Altik Protoss - Winner!

Build Orders:  

Get SALT Encoding   

  8  0:00  Probe (Chrono Boost)  
  9  0:12  Probe (Chrono Boost)  
  10  0:20  Probe (Chrono Boost)  
  11  0:26  Probe  
  12  0:34  Pylon  
  12  0:39  Probe  
  13  0:52  Probe  
  13  0:56  Gateway  
  14  1:04  Probe (Chrono Boost)  
  14  1:08  Assimilator  
  15  1:16  Probe (Chrono Boost)  
  16  1:21  Probe (Chrono Boost)  
  17  1:30  Probe  
  18  1:43  Probe  
  18  1:45  Cybernetics Core  
  19  1:54  Pylon  
  19  1:55  Probe  
  20  2:04  Nexus  
  20  2:07  Probe  
  21  2:22  Stalker  
  23  2:26  Probe  
  23  2:27  Assimilator  
  24  2:31  Warp Gate  
  24  2:38  Probe  
  24  2:44  Pylon  
  25  2:56  Stalker (Chrono Boost)  
  27  3:10  Shield Battery  
  25  3:18  Zealot (Chrono Boost)  
  25  3:34  Stalker (Chrono Boost)  
  25  3:39  Robotics Facility  
  27  3:41  Probe  
  28  3:55  Stalker (Chrono Boost)  
  30  4:17  Stalker  
  32  4:25  Immortal (Chrono Boost)  
  36  4:31  Zealot  
  36  4:32  Probe, Pylon  
  25  4:59  Zealot  
  23  5:00  Probe  
  24  5:12  Probe  
  24  5:13  Immortal (Chrono Boost)  
  27  5:30  Zealot  
  27  5:34  Probe  
  28  5:43  Stalker  
  30  5:59  Immortal, Stalker  
  30  6:04  Probe  
  33  6:37  Immortal (Chrono Boost)  
  37  6:41  Zealot  
  37  6:46  Pylon  
  37  7:04  Zealot, Probe  
  38  7:21  Probe  
  35  7:30  Zealot  
  35  7:32  Immortal  
  39  7:44  Probe  
  40  7:56  Probe  
  41  8:02  Nexus  
  41  8:08  Probe  
  41  8:10  Sentry  
  41  8:12  Observer (Chrono Boost)  
  45  8:17  Pylon  
  45  8:21  Pylon  
  45  8:35  Probe  
  46  8:42  Robotics Bay  
  46  8:47  Sentry, Gateway  
  48  8:52  Gateway  
  48  8:56  Probe  
  49  9:09  Probe (Chrono Boost)  
  51  9:20  Probe x2 (Chrono Boost)  
  52  9:24  Robotics Facility  
  52  9:25  Probe (Chrono Boost)  
  52  9:26  Probe (Chrono Boost)  
  54  9:35  Probe (Chrono Boost)  
  54  9:38  Probe (Chrono Boost)  
  56  9:42  Probe (Chrono Boost)  
  56  9:43  Probe (Chrono Boost)  
  56  9:45  Colossus  
  58  9:49  Probe, Extended Thermal Lance (Chrono Boost)  
  65  9:56  Probe  
  66  10:01  Probe  
  66  10:04  Pylon  
  67  10:10  Colossus  
  73  10:19  Probe  
  74  10:22  Probe  
  74  10:41  Probe x2  
  76  10:50  Assimilator  
  76  10:53  Assimilator  
  76  10:55  Immortal  
  80  11:01  Nexus  
  80  11:04  Pylon  
  80  11:06  Zealot  
  80  11:10  Pylon  
  82  11:12  Twilight Council  
  82  11:14  Forge  
  82  11:21  Zealot  
  82  11:23  Probe  
  82  11:24  Probe  
  86  11:26  Shield Battery  
  86  11:30  Immortal  
  90  11:34  Disruptor  
  90  11:39  Probe x2  
  96  11:51  Probe  
  96  11:52  Probe  
  98  11:55  Protoss Ground Weapons Level 1  
  98  12:01  Photon Cannon  
  98  12:03  Assimilator  
  98  12:04  Photon Cannon  
  98  12:06  Charge  
  98  12:10  Pylon  
  98  12:13  Probe x2  
  98  12:14  Pylon  
  100  12:20  Probe  
  101  12:25  Probe x2  
  103  12:31  Immortal  
  103  12:32  Probe  
  108  12:49  Colossus (Chrono Boost)  
  108  12:50  Colossus (Chrono Boost)  
  108  12:51  Zealot x3  
  116  12:55  Pylon  
  116  12:58  Pylon  
  118  13:10  Zealot  
  118  13:11  Zealot x2, Phoenix, Templar Archives  
  124  13:15  Colossus (Chrono Boost)  
  130  13:30  Gateway x2  
  130  13:32  Gateway  
  124  14:03  Stalker x3  
  124  14:08  Colossus  
  124  14:09  Immortal  
  120  14:27  Assimilator  
  120  14:37  Nexus  
  120  14:38  Pylon  
  112  14:49  Immortal  
  100  14:56  Zealot x2  
  100  14:57  Zealot x4  
  87  15:08  Probe  
  87  15:09  Probe  
  85  15:21  Stalker x6  
Tags
 
Add a new tag
Caveats
  • Supply blocks, unpowered buildings, or Contaminate may cause inaccurate times.
  • Supply counts are checked every 10 seconds.